Map: Catalyst LE

Players

Metroboomin - Winner!

  • Race: Terran Terran
  • League: Gold
  • Spawn Location: 5:00

SamsonTH

  • Race: Protoss Protoss
  • League: Gold
  • Spawn Location: 11:00

VOD

Have the link to the VOD?

Description

Time

  • Played on: May 4, 2018, 7:35 p.m.
  • Length: 25:02
Show
View Real Time Build Order
Export as new Build Order

Metroboomin Terran - Winner!

Build Orders:  

Get SALT Encoding   

  12  0:01  SCV  
  13  0:13  SCV  
  14  0:23  Supply Depot  
  14  0:25  SCV  
  15  0:45  SCV  
  15  0:47  Barracks  
  16  0:52  Refinery  
  16  0:57  SCV  
  17  1:09  SCV  
  18  1:21  SCV  
  19  1:40  Orbital Command  
  19  1:45  Barracks  
  19  1:47  Barracks Reactor  
  19  2:06  SCV  
  20  2:11  Barracks  
  20  2:23  Reaper  
  20  2:24  Marine  
  20  2:26  Command Center  
  22  2:31  Supply Depot  
  22  2:32  Barracks Tech Lab  
  22  2:44  SCV  
  23  2:52  Stimpack, Marine  
  23  2:56  SCV  
  25  3:06  Marine x2  
  25  3:08  SCV  
  29  3:18  Barracks Reactor  
  28  3:20  SCV  
  29  3:28  Supply Depot  
  29  3:32  SCV  
  30  3:36  Refinery  
  30  3:39  Orbital Command  
  30  3:44  SCV  
  31  3:49  Factory  
  31  3:50  Marine x3  
  34  4:00  SCV  
  35  4:09  Refinery, SCV  
  36  4:12  Marine x2, SCV  
  39  4:21  SCV  
  39  4:22  Marine x3  
  43  4:25  SCV  
  43  4:30  Marine x2  
  46  4:32  Factory Reactor  
  46  4:33  SCV  
  46  4:37  Starport, SCV  
  48  4:43  Marine x3  
  48  4:44  Bunker  
  51  4:45  SCV  
  51  4:48  Marine x2  
  51  4:52  Supply Depot  
  54  4:58  Supply Depot  
  54  5:06  Supply Depot  
  54  5:10  Engineering Bay  
  54  5:13  Marine x2, SCV x2  
  58  5:15  Engineering Bay  
  58  5:25  SCV x2  
  58  5:26  Marine  
  58  5:27  Marine x2  
  63  5:31  Marine x2  
  63  5:34  Medivac  
  67  5:37  SCV x2  
  67  5:38  Medivac  
  71  5:44  Factory Tech Lab, Marine x2  
  71  5:47  Marine  
  71  5:48  Marine x2  
  71  5:49  SCV  
  76  5:53  Refinery, SCV  
  76  5:56  Supply Depot  
  77  6:02  Marine  
  78  6:05  Terran Infantry Weapons Level 1, Terran Infantry Armor Level 1  
  78  6:17  Marine x2  
  80  6:24  SCV  
  81  6:28  Supply Depot, Command Center, Siege Tank  
  81  6:29  Supply Depot, Marine x2  
  86  6:47  Supply Depot  
  86  6:48  Supply Depot  
  86  6:49  Medivac x2, Marine x2  
  92  6:54  Marine  
  92  6:55  Marine x2  
  92  7:01  Siege Tank  
  98  7:04  Barracks  
  98  7:07  Marine  
  99  7:11  Barracks  
  99  7:21  SCV x2  
  99  7:22  Marine x2  
  101  7:23  Marine x2  
  101  7:25  Marine  
  101  7:28  Supply Depot  
  106  7:33  Cyclone, SCV, Missile Turret  
  110  7:40  Marine  
  93  7:53  Liberator  
  93  7:54  Planetary Fortress  
  93  7:55  SCV  
  93  7:56  SCV  
  95  8:01  Bunker  
  95  8:03  Marine x3  
  95  8:04  Marine, Missile Turret  
  99  8:06  Marine  
  99  8:08  SCV x2  
  99  8:09  Liberator  
  105  8:17  Armory  
  105  8:20  SCV x2  
  105  8:25  Missile Turret  
  110  8:27  Refinery  
  110  8:29  Cyclone  
  110  8:31  Rapid Fire Launchers  
  110  8:32  SCV x2  
  115  8:37  Marine x4  
  102  9:02  Bunker, SCV x3  
  105  9:04  Bunker  
  105  9:06  Marine x5  
  105  9:07  Command Center  
  110  9:10  Barracks Reactor x2  
  110  9:14  Medivac x2, SCV  
  115  9:18  Siege Tank  
  115  9:23  Marine  
  119  9:24  Marine x4  
  119  9:26  Refinery  
  119  9:28  SCV x3  
  126  9:41  Marine  
  126  9:42  Supply Depot, Marine x4  
  131  9:48  Marine  
  131  9:49  Marine x3  
  131  9:51  Siege Tank  
  138  9:54  Supply Depot  
  138  9:55  Supply Depot  
  138  9:59  Marine x2  
  139  10:00  Marine  
  139  10:03  Marine  
  142  10:07  Supply Depot  
  142  10:18  Supply Depot  
  136  10:23  Siege Tank  
  139  10:29  Supply Depot, SCV x3  
  139  10:35  Marine x4  
  145  10:36  Marine x5  
  145  10:38  Medivac x2  
  145  10:41  SCV  
  156  10:51  Liberator  
  156  10:52  Bunker  
  156  10:53  Marine x6  
  156  10:54  Marine x3  
  156  10:55  Cyclone  
  156  10:56  Missile Turret  
  168  11:10  Marine  
  168  11:11  Orbital Command, Marine x7  
  174  11:16  Bunker  
  179  11:21  Marine  
  180  11:27  Cyclone  
  180  11:28  Marine x3  
  180  11:29  Marine x5  
  180  11:30  Medivac  
  193  11:38  Marine  
  194  11:46  Marine x3  
  197  11:51  Medivac  
  199  11:59  Cyclone  
  186  12:07  Marine  
  186  12:08  Marine x8  
  154  12:23  Medivac x2  
  154  12:24  Terran Infantry Armor Level 2, Terran Infantry Weapons Level 2  
  154  12:25  Marine  
  154  12:26  Marine x4, Terran Vehicle Weapons Level 1  
  154  12:27  Marine x4  
  167  12:31  Widow Mine  
  169  12:43  Marine  
  169  12:44  Marine x4  
  170  12:45  Marine x4  
  178  12:52  Cyclone  
  178  12:53  Medivac  
  183  13:01  Marine  
  183  13:02  Marine x4  
  183  13:03  Marine  
  169  13:15  Missile Turret  
  169  13:16  Command Center  
  169  13:17  Bunker  
  148  13:20  Bunker  
  148  13:22  Missile Turret  
  136  13:30  Marine x5  
  136  13:31  Marine x4  
  136  13:32  Medivac x2  
  144  13:36  Siege Tank  
  147  13:43  SCV x4  
  147  13:45  Liberator x2  
  147  13:48  Marine x9  
  152  13:50  Refinery  
  152  13:52  Refinery  
  152  13:55  SCV  
  166  14:05  Marine  
  166  14:06  Marine x8  
  166  14:08  Siege Tank  
  157  14:20  Terran Ship Weapons Level 1  
  157  14:23  Marine  
  158  14:24  Marine x8  
  158  14:28  Planetary Fortress  
  166  14:40  Cyclone  
  166  14:41  Marine  
  166  14:42  Marine x8  
  166  14:45  Medivac x2  
  176  14:58  Liberator x2  
  176  14:59  Marine x5  
  150  15:12  Cyclone, Marine  
  150  15:13  Marine x3  
  157  15:17  Marine x5  
  168  15:28  Terran Infantry Armor Level 3, Terran Infantry Weapons Level 3  
  168  15:30  Marine  
  168  15:31  Marine x3  
  168  15:35  Marine  
  173  15:44  Cyclone  
  173  15:45  Refinery  
  173  15:47  Refinery  
  176  15:52  Marine  
  176  15:53  Marine x8  
  185  16:03  Medivac x2  
  189  16:10  Marine x3  
  189  16:11  Marine x6  
  198  16:14  Terran Vehicle Weapons Level 2  
  198  16:15  Liberator x2  
  197  16:28  Marine x9  
  146  16:46  Marine x3  
  141  17:00  Marine x4  
  141  17:01  Marine x2  
  147  17:03  Marine  
  147  17:04  Marine x2  
  150  17:15  Medivac x2  
  150  17:18  Marine x6  
  150  17:19  Barracks  
  150  17:21  Barracks, Marine  
  150  17:22  Marine x2  
  163  17:23  Bunker  
  163  17:24  Command Center  
  163  17:25  Siege Tank  
  163  17:28  Liberator x2  
  166  17:36  Marine x4  
  170  17:38  Factory  
  170  17:41  Marine x5  
  175  17:46  SCV  
  182  17:53  Marine  
  182  17:54  Marine x3  
  182  17:58  Siege Tank, Marine  
  189  17:59  Marine x2  
  170  18:23  Refinery, Missile Turret  
  170  18:25  Refinery  
  161  18:29  Thor  
  161  18:30  Terran Vehicle And Ship Armor Level 1  
  161  18:34  Barracks Reactor x2  
  162  18:35  Marine  
  162  18:37  Marine x8  
  162  18:40  SCV x3  
  174  18:43  Missile Turret  
  174  18:50  Bunker  
  174  18:53  Marine  
  174  18:54  Marine  
  174  18:55  Marine x7  
  177  18:57  Factory Reactor  
  183  19:05  Planetary Fortress  
  183  19:10  Marine  
  183  19:12  Marine x5, Thor  
  183  19:13  Marine x5  
  194  19:55  Thor  
  168  20:12  Marine x11  
  173  20:18  Barracks  
  156  20:29  Marine  
  156  20:30  Marine x5  
  156  20:31  Marine  
  156  20:32  Marine x4  
  156  20:34  Cyclone x2  
  173  20:38  Siege Tank  
  173  20:39  Medivac x2  
  180  20:47  Marine  
  180  20:48  Marine x5  
  180  20:49  Marine x2  
  187  20:50  Marine x3  
  191  21:05  Marine x3  
  191  21:06  Cyclone x2  
  191  21:07  Bunker  
  192  21:44  Marine x8  
  192  21:45  Marine x3  
  141  21:58  Liberator x2  
  136  22:01  Marine  
  136  22:02  Marine x5  
  129  22:13  Marine x4  
  129  22:14  Marine  
  132  22:19  Marine x3  
  132  22:20  Marine x2  
  140  22:26  Marine  
  140  22:29  Widow Mine  
  140  22:30  Cyclone, Thor  
  140  22:31  Marine x4  
  152  22:43  Marine x5  
  152  22:44  Marine x2  
  158  22:49  Marine x4  
  158  22:50  Cyclone  
  166  22:58  Medivac x2  
  168  23:01  Marine x6  
  168  23:02  Cyclone, Marine  
  180  23:06  Marine  
  180  23:07  Marine x2  
  180  23:08  Marine, Missile Turret  
  180  23:12  Thor  
  184  23:19  Marine x7  
  196  23:22  Cyclone  
  192  23:36  Bunker  
  192  23:37  Bunker  
  158  23:50  Marine x4  
  158  23:51  Marine x7  
  158  23:53  Cyclone  
  158  23:54  Cyclone  
  158  23:55  Medivac x2, Siege Tank  
  177  24:08  Marine x5  
  177  24:09  Marine x3  
  174  24:12  Marine x3  
  175  24:20  Bunker x2  
  175  24:25  Medivac x2, Cyclone  
  175  24:26  Marine x7  
  175  24:27  Marine  
  175  24:28  Siege Tank  
  175  24:29  Marine x2  
  175  24:30  Barracks, Marine  
  196  24:33  Command Center  
Show
View Real Time Build Order
Export as new Build Order

SamsonTH Protoss 

Build Orders:  

Get SALT Encoding   

  1  0:00  Probe  
  13  0:07  Probe  
  14  0:18  Pylon  
  14  0:22  Probe  
  15  0:37  Gateway  
  15  0:38  Probe  
  16  0:50  Probe  
  16  0:53  Assimilator  
  17  0:59  Probe  
  18  1:07  Probe  
  18  1:16  Probe  
  20  1:27  Cybernetics Core  
  20  1:28  Probe  
  20  1:31  Assimilator  
  21  1:40  Probe  
  22  1:50  Assimilator  
  22  1:53  Probe  
  23  1:56  Warp Gate  
  23  2:13  Nexus  
  23  2:18  Pylon  
  23  2:36  Stalker, Probe  
  26  2:48  Probe, Robotics Facility  
  27  2:52  Twilight Council  
  27  3:10  Stalker  
  29  3:18  Probe  
  30  3:26  Probe  
  31  3:30  Pylon, Probe  
  32  3:40  Gateway x2  
  32  3:47  Pylon  
  32  3:56  Probe x2  
  32  3:57  Assimilator  
  32  3:59  Sentry  
  36  4:08  Probe x2  
  38  4:13  Pylon  
  38  4:17  Assimilator  
  38  4:19  Immortal  
  38  4:22  Probe  
  43  4:24  Probe  
  43  4:30  Stalker  
  46  4:35  Probe  
  46  4:36  Probe  
  47  4:42  Charge  
  47  4:50  Probe x2  
  47  4:52  Pylon  
  49  5:00  Shield Battery  
  49  5:03  Forge  
  49  5:07  Forge  
  49  5:08  Probe  
  49  5:09  Probe  
  49  5:13  Protoss Ground Weapons Level 1  
  51  5:16  Protoss Shields Level 1  
  51  5:20  Probe  
  51  5:21  Probe  
  53  5:26  Observer  
  54  5:29  Stalker x2, Sentry  
  54  5:33  Probe x2  
  62  5:49  Photon Cannon  
  62  5:51  Shield Battery  
  62  5:53  Probe x2  
  64  6:03  Photon Cannon  
  64  6:08  Pylon  
  64  6:11  Observer  
  65  6:19  Probe  
  65  6:20  Probe  
  67  6:27  Pylon  
  67  6:28  Gateway  
  67  6:30  Gateway  
  67  6:32  Immortal  
  71  6:36  Observer  
  71  6:37  Stalker x2  
  75  6:48  Shield Battery  
  75  6:50  Protoss Ground Weapons Level 2  
  75  6:51  Shield Battery  
  75  6:54  Protoss Shields Level 2  
  75  7:00  Probe x2  
  77  7:04  Blink  
  77  7:12  Warp Prism  
  79  7:27  Zealot  
  79  7:28  Zealot x2  
  79  7:29  Pylon  
  83  8:03  Zealot x3  
  83  8:04  Zealot x2  
  93  8:11  Dark Shrine  
  91  8:26  Probe x2  
  93  8:30  Warp Prism  
  93  8:31  Nexus  
  93  8:32  Pylon  
  95  8:37  Protoss Ground Weapons Level 3  
  74  8:58  Zealot x2  
  74  8:59  Zealot x3  
  84  9:11  Pylon  
  84  9:16  Protoss Shields Level 3  
  84  9:19  Robotics Facility  
  84  9:20  Robotics Facility  
  84  9:23  Gateway  
  84  9:25  Gateway x2  
  84  9:28  Templar Archives  
  82  9:42  Dark Templar x3  
  82  9:43  Dark Templar x2  
  92  9:48  Archon x2  
  92  10:06  Probe x2  
  94  10:07  Probe  
  95  10:16  Pylon  
  95  10:19  Pylon  
  94  10:24  Shield Battery  
  94  10:26  Shield Battery  
  94  10:29  Shield Battery  
  94  10:34  Pylon  
  94  10:36  Shield Battery  
  94  10:37  Shield Battery  
  94  10:39  Shield Battery, Probe x3, Psionic Storm  
  97  10:42  Assimilator  
  97  10:47  Assimilator  
  97  10:56  Immortal x2  
  105  11:02  Immortal  
  109  11:07  Probe x2  
  109  11:08  Probe  
  112  11:15  Protoss Ground Armor Level 1  
  112  11:24  Photon Cannon  
  112  11:27  Photon Cannon  
  112  11:36  Shield Battery  
  112  11:44  Nexus  
  112  11:45  Immortal x2  
  112  11:47  Pylon  
  120  11:52  Immortal  
  108  12:03  Dark Templar  
  108  12:04  Dark Templar x2  
  94  12:19  Archon x2  
  94  12:30  Pylon  
  94  12:33  Pylon  
  94  12:34  Probe x3  
  97  12:42  High Templar x4  
  97  12:43  High Templar x3  
  111  12:44  High Templar  
  113  13:05  Assimilator  
  113  13:09  Assimilator  
  101  13:13  Pylon, Archon  
  101  13:14  Archon x3  
  101  13:16  Pylon  
  101  13:17  Dark Templar x4  
  101  13:18  Dark Templar  
  101  13:19  Shield Battery  
  97  13:21  Shield Battery  
  97  13:23  Shield Battery  
  93  13:33  Archon x2  
  89  13:35  Zealot x3  
  89  13:41  Protoss Ground Armor Level 2  
  95  13:45  Gateway  
  95  13:46  Gateway  
  95  13:48  Gateway  
  95  13:50  Gateway  
  95  13:52  Gateway  
  95  13:55  Pylon  
  95  13:57  Probe x2  
  95  13:58  Probe x2  
  95  13:59  Gateway  
  99  14:05  Zealot x4  
  99  14:06  Zealot x2  
  99  14:07  Zealot  
  109  14:13  Observer, Immortal  
  114  14:20  Pylon  
  114  14:22  Shield Battery  
  114  14:27  Probe  
  114  14:28  Probe x3  
  118  14:40  Probe x4  
  122  14:50  Dark Templar x5  
  122  14:51  Dark Templar x2  
  128  15:05  Stalker x2  
  128  15:06  Stalker x3  
  138  15:12  Observer  
  139  15:19  Archon x3  
  139  15:20  Archon  
  139  15:22  Stalker x2  
  139  15:23  Stalker x2  
  139  15:24  Stalker x2  
  151  15:34  Probe x4  
  155  15:49  Nexus  
  155  15:50  Pylon  
  155  15:54  Photon Cannon  
  155  15:55  Pylon  
  155  15:57  Photon Cannon  
  155  16:01  Photon Cannon  
  155  16:06  Pylon  
  155  16:09  Photon Cannon  
  155  16:13  Photon Cannon  
  155  16:14  Photon Cannon  
  155  16:16  Photon Cannon  
  155  16:18  Shield Battery, Pylon  
  121  16:51  Probe x3  
  121  16:52  Probe  
  125  16:59  Pylon  
  125  17:01  Pylon  
  125  17:03  Pylon  
  125  17:47  Shield Battery  
  125  17:49  Pylon  
  125  17:50  Shield Battery  
  125  17:52  Shield Battery  
  125  17:54  Pylon  
  125  17:55  Shield Battery x2  
  125  17:58  Shield Battery  
  125  17:59  Shield Battery, Photon Cannon  
  125  18:00  Photon Cannon  
  125  18:01  High Templar  
  125  18:02  High Templar x3, Photon Cannon  
  125  18:04  Stalker x3, Zealot, Photon Cannon x2  
  125  18:05  Zealot x2, Photon Cannon  
  145  18:06  Zealot  
  145  18:08  Photon Cannon  
  145  18:11  Shield Battery  
  147  18:12  Pylon  
  147  18:17  Shield Battery  
  147  18:19  Photon Cannon  
  127  18:22  Photon Cannon  
  127  18:26  Assimilator  
  119  18:30  Assimilator  
  119  18:31  Protoss Ground Armor Level 3  
  119  18:40  Shield Battery  
  119  18:42  Shield Battery  
  119  18:44  Photon Cannon  
  119  18:45  Probe x3  
  119  18:46  Probe x2, Photon Cannon  
  124  18:53  Shield Battery  
  124  18:56  Photon Cannon  
  124  19:03  Pylon  
  124  19:08  Photon Cannon  
  124  19:12  Photon Cannon  
  124  19:13  Photon Cannon  
  124  19:15  Dark Templar x3  
  124  19:16  Dark Templar x3  
  136  19:17  Dark Templar, Shield Battery  
  136  19:19  Shield Battery, Archon  
  136  19:20  Photon Cannon, Archon x2  
  136  19:22  Dark Templar  
  140  19:24  Zealot x2  
  140  19:25  Zealot  
  140  19:28  Archon  
  142  19:49  Dark Templar  
  142  19:50  Dark Templar x4  
  142  19:51  Dark Templar x3  
  142  19:52  Dark Templar x2  
  96  20:08  Dark Templar  
  96  20:09  Dark Templar x5  
  96  20:10  Dark Templar x3  
  96  20:11  Dark Templar  
  108  20:18  Archon x2  
  108  20:19  Archon  
  102  20:27  Zealot  
  102  20:28  Stalker, Zealot x2  
  79  20:46  Stalker x3  
  79  20:47  Stalker, High Templar  
  79  20:48  High Templar  
  79  20:49  Dark Templar x2  
  95  20:50  Dark Templar x4  
  95  20:51  Zealot  
  95  20:55  Archon  
  95  20:56  Archon x2  
  105  20:57  Archon  
  105  20:59  Zealot  
  98  21:17  Zealot x4  
  98  21:18  Zealot x3  
  108  21:21  Zealot  
  108  21:22  Zealot x3  
  108  21:23  Zealot x3  
  117  21:33  Stalker x3  
  109  21:47  Zealot x2  
  109  21:48  Zealot x3  
  109  21:50  Stalker  
  119  22:07  Zealot x3  
  119  22:08  Stalker x2  
  122  22:42  Pylon  
  122  22:45  Pylon  
  122  22:50  Dark Templar x2, Nexus  
  126  22:51  Dark Templar, Pylon  
  126  22:53  Assimilator  
  126  22:55  Dark Templar  
  126  22:56  Archon  
  126  22:57  Assimilator  
  130  22:58  Archon  
  130  23:00  Pylon  
  130  23:27  Shield Battery  
  130  23:29  Shield Battery  
  130  23:32  Shield Battery  
  122  23:35  Shield Battery  
  122  23:37  Shield Battery  
  122  23:40  Shield Battery  
  89  23:43  Stalker  
  89  23:44  Stalker  
  89  23:45  Zealot x2  
  89  23:46  Zealot x3  
  73  23:59  Stalker x3  
  79  24:08  Zealot x4  
  83  24:36  Zealot x3  
  83  24:37  Dark Templar x2  
  93  24:40  Nexus  
  93  24:43  Stalker  
Tags
 
League
GoldGold
Matchup
PvT
Spawn Locations
Cross Positions
Add a new tag
Caveats
  • Supply blocks, unpowered buildings, or Contaminate may cause inaccurate times.
  • Supply counts are checked every 10 seconds.